 Dungeon Crawl Stone Soup version 0.20-a0-903-g7e3609c (webtiles) character file.

1037 memeslayer420 the Slasher (level 8, -4/66 HPs)
             Began as a Centaur Fighter on Mar 20, 2017.
             Was a Follower of Okawaru.
             Slain by an orc
             ... wielding a +0 flail
              (6 damage)
             ... on level 6 of the Dungeon.
             The game lasted 00:10:06 (5346 turns).

memeslayer420 the Slasher (Centaur Fighter)         Turns: 5346, Time: 00:10:07

Health: -4/66      AC: 12    Str: 18    XL:     8   Next: 4%
Magic:  9/9        EV:  5    Int:  9    God:    Okawaru [*.....]
Gold:   266        SH:  0    Dex: 10    Spells: 7/7 levels left

rFire    . . .     SeeInvis .   a - +0 long sword
rCold    . . .     Gourm    .   k - +0 chain mail
rNeg     . . .     Faith    .   (no shield)
rPois    .         Spirit   .   (no helmet)
rElec    .         Reflect  .   s - +1 cloak {MR+}
rCorr    .         Harm     .   q - +1 pair of gloves
MR       +....                  (no barding)
Stlth    ..........             (no amulet)
Regen    0.3/turn               (no ring)
MPRegen  0.2/turn               (no ring)

@: very quick
A: hooves 3, deformed body, speed 2, tough skin 3
a: Heroism, Renounce Religion


You were on level 6 of the Dungeon.
You worshipped Okawaru.
Okawaru was aware of your devotion.
You were near starving.

You visited 2 branches of the dungeon, and saw 7 of its levels.

You collected 266 gold pieces.

Inventory:

Hand Weapons
 a - a +0 long sword (weapon)
Armour
 c - a +0 shield
 k - a +0 chain mail (worn)
 p - a +0 cloak
 q - a +1 pair of gloves (worn)
 s - a +1 cloak of magic resistance (worn)
Jewellery
 y - an uncursed ring of ice
 B - a cursed ring of loudness {unknown}
Wands
 j - a wand of paralysis (14/24)
 x - a wand of confusion (15/48)
Scrolls
 b - 2 scrolls of amnesia {unknown}
 e - 2 scrolls of magic mapping {unknown}
 i - a scroll of immolation {unknown}
 o - a scroll of remove curse {unknown}
 t - a scroll of fear {unknown}
 u - 2 scrolls of blinking {unknown}
 v - a scroll of identify {unknown}
 w - 2 scrolls of teleportation {unknown}
 z - a scroll of enchant weapon {unknown}
Potions
 d - a potion of might
 m - a potion of haste {unknown}
 n - 3 potions of curing {unknown}
 A - 2 potions of mutation {unknown}
Books
 l - a book of Minor Magic

   Spells                             Type                      Level
   a - Magic Dart                     Conjuration                  1
   b - Blink                          Translocation                2
   c - Call Imp                       Summoning                    2
   d - Slow                           Hexes                        2
   e - Conjure Flame                  Conjuration/Fire             3
   f - Mephitic Cloud                 Conjuration/Poison/Air       3
Comestibles
 f - 6 bread rations
 g - 3 meat rations
 h - 7 fruits
 r - a royal jelly


   Skills:
 + Level 3.8 Fighting
 + Level 7.4 Long Blades
 + Level 2.8 Armour
 + Level 1.6 Dodging
 - Level 2.1 Shields
 + Level 2.1 Invocations


You had 7 spell levels left.
You didn't know any spells.

Dungeon Overview and Level Annotations

Branches:
Dungeon (6/15)             Temple (1/1) D:4

Altars:
Ashenzari
Cheibriados
Fedhas
Gozag
Makhleb
Okawaru
Ru
Sif Muna
Trog
Wu Jian
Yredelemnul
Zin

Shops:
D:4 }


Innate Abilities, Weirdness & Mutations

You have hooves in place of feet.
Armour fits poorly on your strangely shaped body.
You cover ground very quickly.
You have extremely tough skin. (AC +3)


Message History

* * * LOW HITPOINT WARNING * * *
You hit the orc priest but do no damage.
Your kick misses the orc priest.
The orc priest is almost dead.
The gnoll hits you but does no damage. The orc priest hits you with a club.
* * * LOW HITPOINT WARNING * * *
The gnoll hits you but does no damage.
You hit the orc priest.
You kill the orc priest!
Okawaru accepts your kill. The gnoll barely misses you.
The gnoll hits you but does no damage.
You hit the gnoll.
The gnoll is almost dead.
The gnoll hits you but does no damage. x2; The orc completely misses you.
You barely miss the gnoll.
The gnoll is almost dead.
The gnoll barely misses you. The gnoll hits you.
* * * LOW HITPOINT WARNING * * *
The orc hits you with a flail.
You die...

#.###.............
###.##.################
........................
.#..###.###.....########
# #.# #...#.# ###
#.###+###.#.#.# #..
#.###_'...#.#.# #.#
#.###g###.#.#.# #.. #@#
#.#.#.# ### #o# #......
..g ..#.#.# #####.##.#..
. # ### ... ###


You could see 2 gnolls and an orc.

Vanquished Creatures
  Menkaure (D:6)
  A phantom (D:6)
  A bullfrog (D:6)
  2 scorpions
  A howler monkey (D:4)
  A crimson imp (D:6)
  2 hounds
  A quasit (D:5)
  2 orc wizards
  Crazy Yiuf (D:4)
  2 orc priests
  4 worker ants
  A hound zombie (D:5)
  2 hound skeletons
  4 gnolls (D:4)
  8 adders
  A worm (D:3)
  3 dart slugs
  4 leopard geckos
  15 orcs
  6 giant cockroaches
  11 goblins
  10 hobgoblins
  3 quokkas
  A ball python (D:4)
  8 bats
  9 frilled lizards
  5 kobolds
  A quokka skeleton (D:6)
  A quokka zombie (D:5)
  A rat (D:2)
  A fungus (D:4)
114 creatures vanquished.

Vanquished Creatures (others)
  5 plants (D:6)
5 creatures vanquished.

Grand Total: 119 creatures vanquished

Notes
Turn   | Place    | Note
-------+----------+-------------------------------------------
     0 | D:1      | memeslayer420 the Centaur Fighter began the quest for the Orb.
     0 | D:1      | Reached XP level 1. HP: 19/19 MP: 1/1
   117 | D:1      | Reached skill level 2 in Long Blades
   360 | D:1      | Reached XP level 2. HP: 26/26 MP: 2/2
   629 | D:1      | Reached skill level 3 in Long Blades
   875 | D:2      | Reached XP level 3. HP: 27/31 MP: 3/3
  1325 | D:2      | Reached XP level 4. HP: 19/38 MP: 4/4
  1485 | D:2      | Reached skill level 4 in Long Blades
  2917 | D:3      | Reached XP level 5. HP: 45/45 MP: 5/5
  3146 | D:4      | Reached skill level 5 in Long Blades
  3249 | D:4      | Found a basalt altar of Yredelemnul.
  3358 | D:4      | Found Reluc's Gadget Boutique.
  3524 | D:4      | Found an ornate altar of the Wu Jian Council.
  3533 | D:5      | Entered Level 5 of the Dungeon
  3719 | D:5      | Reached XP level 6. HP: 33/51 MP: 6/6
  3872 | D:4      | Reached skill level 6 in Long Blades
  3943 | D:4      | Found a staircase to the Ecumenical Temple.
  3961 | Temple   | Entered the Ecumenical Temple
  4008 | Temple   | Became a worshipper of Warmaster Okawaru
  4068 | D:4      | Found a runed door.
  4072 | D:4      | Noticed Crazy Yiuf
  4084 | D:4      | Killed Crazy Yiuf
  4436 | D:5      | Reached skill level 7 in Long Blades
  4436 | D:5      | Reached XP level 7. HP: 51/57 MP: 7/7
  4873 | D:6      | Reached * piety under Okawaru
  4873 | D:6      | Reached skill level 1 in Invocations
  4935 | D:6      | Found a blossoming altar of Fedhas.
  5172 | D:6      | Reached skill level 1 in Dodging
  5210 | D:6      | Found a deep blue altar of Sif Muna.
  5298 | D:6      | Found a shattered altar of Ashenzari.
  5301 | D:6      | Noticed Menkaure
  5313 | D:6      | Killed Menkaure
  5335 | D:6      | Reached XP level 8. HP: 29/66 MP: 9/9
  5346 | D:6      | HP: 2/66 [gnoll (2)]
  5346 | D:6      | Slain by an orc

Vault maps used:
D:1:      nicolae_arrival_somewhat_less_tricky_arrival
D:2:      first_bread
D:4:      old_standard_altar, nicolae_overflow_hidden_temple, temple_doors_cd,
          serial_shops, nicolae_shop_trees, uniq_crazy_yiuf_cottage
D:6:      fedhas_altar_decomposition, kennysheep_mini_moat, lemuel_doored_altar,
          lemuel_zombie_altar_kikubaaqudgha, minmay_bent, uniq_menkaure
Temple:   compressed_dpeg_triangle_lava_temple

Skill      XL: |  1  2  3  4  5  6  7 |
---------------+----------------------+-----
Long Blades    | 2 3 4 5 7 |  7.4
Invocations    | 2 |  2.1
Dodging        | 1 |  1.6
Fighting       | |  3.8
Armour         | |  2.8
Shields        | |  2.1

Action                   |  1- 3 |  4- 6 |  7- 9 || total
-------------------------+-------+-------+-------++-------
Melee: Long sword        |    83 |   263 |   140 ||   486
       Kick              |    12 |    72 |    22 ||   106
  Eat: Chunk             |     1 |     8 |     1 ||    10
Armor: Scale mail        |    54 |     9 |       ||    63
       Chain mail        |       |   216 |    97 ||   313
Dodge: Dodged            |    44 |    73 |    30 ||   147
       Rpst.: Long sword |    18 |    24 |     7 ||    49
